 Dungeon Sprint DCSS version 0.29-a0-723-gce39da1c22 (webtiles) character file.

Game seed: 14477779677880188677

10 Hipnos the Firebug (level 2, 0/15 HPs)
             Began as a Deep Elf Fire Elementalist on June 28, 2022.
             Killed by nerve-wracking pain
             ... invoked by Menkaure
              (8 damage)
             ... in the Dungeon (Sprint II: "The Violet Keep of Menkaure").
             The game lasted 00:02:03 (259 turns).

Hipnos the Firebug (Deep Elf Fire Elementalist)      Turns: 259, Time: 00:02:05

Health: 0/15       AC:  2    Str:  5    XL:     2   Next: 10%
Magic:  2/8        EV: 13    Int: 19    God:
Gold:   243        SH:  0    Dex: 15    Spells: 5/8 levels left

rFire   . . .      SeeInvis .   (no weapon)
rCold   . . .      Faith    .   (no shield)
rNeg    . . .      Spirit   .   a - +0 robe
rPois   .          Reflect  .   (no helmet)
rElec   .          Harm     .   (no cloak)
rCorr   .          Rampage  .   (no gloves)
Will    .....      NoTele   +   (no boots)
Stlth   ++........              (no amulet)
HPRegen 0.05/turn               (no ring)
MPRegen 0.11/turn               (no ring)

@: no status effects
A: no striking features
a: no special abilities


You were in the Dungeon.
You visited 1 branch You collected 243 gold pieces.

Inventory:

Armour
 a - a +0 robe (worn)
Scrolls
 g - a scroll of blinking
Potions
 b - 2 potions of magic
 e - a potion of haste


   Skills:
 + Level 3.1 Dodging
 + Level 2.8 Stealth
 + Level 0.2 Unarmed Combat
 + Level 3.9 Spellcasting
 + Level 1.2 Conjurations
 + Level 4.7 Fire Magic


You had 5 spell levels left.
You knew the following spells:

 Your Spells              Type           Power      Damage    Failure   Level
a - Foxfire               Conj/Fire      60%        2x1d7     4%          1
b - Scorch                Fire           42%        2d7       3%          2

Your spell library contained the following spells:

 Spells                   Type           Power      Damage    Failure   Level
 Conjure Flame            Conj/Fire      15%        6-21      12%         3
 Inner Flame              Hex/Fire       12%        N/A       16%         3
 Flame Wave               Conj/Fire      15%        2d6       38%         4


Dungeon Overview and Level Annotations

Branches:
Dungeon (1/1)

Altars:
Cheibriados
Dithmenos
Elyvilon
Fedhas
Kikubaaqudgha
Sif Muna
Beogh
Jiyva
Lugonu

Annotations:
D Menkaure


Message History

Confirm with . or Enter, or press ? or * to list all spells.
You conjure some foxfire!
Your foxfire dissipates!
Your foxfire dissipates!
The foxfire hits Menkaure but does no damage. x2
Casting: Foxfire (safe; 4% risk of failure)
Confirm with . or Enter, or press ? or * to list all spells.
You conjure some foxfire!
The foxfire hits Menkaure.
Menkaure is lightly damaged.
The foxfire hits Menkaure.
Menkaure is lightly damaged.
Casting: Foxfire (safe; 4% risk of failure)
Confirm with . or Enter, or press ? or * to list all spells.
You conjure some foxfire!
Casting: Foxfire (safe; 4% risk of failure)
Confirm with . or Enter, or press ? or * to list all spells.
You conjure some foxfire!
The foxfire hits Menkaure.
Menkaure is burned terribly!
Menkaure is moderately damaged.
The foxfire hits Menkaure.
Menkaure is moderately damaged.
Casting: Foxfire (safe; 4% risk of failure)
Confirm with . or Enter, or press ? or * to list all spells.
You conjure some foxfire!
Your foxfire dissipates!
The foxfire hits Menkaure.
Menkaure is burned terribly!
Menkaure is heavily damaged.
The foxfire hits Menkaure!
Menkaure is burned terribly!
Menkaure is almost destroyed.
Casting: Foxfire (safe; 4% risk of failure)
Confirm with . or Enter, or press ? or * to list all spells.
You conjure some foxfire!
Your foxfire dissipates!
The foxfire hits Menkaure but does no damage.
Menkaure is almost destroyed.
Menkaure casts a spell at you. Pain shoots through your body!
Ouch! That really hurt!
You die...

# #§ §≈≈ ≈§§ ≈§
≈#+++#+++##
≈.........#
≈≈.##+##M.# ##@####
#....# ###..##
#+###.##..#
##.##...#..#
+.<.'##.'..### ###
##.##.###....###.^.##▓
#+###.##......≈≈≈≈≈≈≈
###≈≈.....≈#+####


You could see Menkaure.

Vanquished Creatures
  3 worms (D)
3 creatures vanquished.

Vanquished Creatures (others)
  28 foxfires (D)
28 creatures vanquished.

Grand Total: 31 creatures vanquished

Notes
Turn   | Place    | Note
-------+----------+-------------------------------------------
     0 | D        | Hipnos the Deep Elf Fire Elementalist began the quest for
                  | the Orb.
     0 | D        | Reached XP level 1. HP: 10/10 MP: 6/6
    15 | D        | Reached skill level 4 in Fire Magic
    38 | D        | Reached XP level 2. HP: 5/15 MP: 4/8
    51 | D        | Learned a level 2 spell: Scorch
   231 | D        | Found a snail-covered altar of Cheibriados.
   232 | D        | Found a shadowy altar of Dithmenos.
   232 | D        | Found a viscous altar of Jiyva.
   233 | D        | Found a white marble altar of Elyvilon.
   233 | D        | Found an ancient bone altar of Kikubaaqudgha.
   234 | D        | Found a blossoming altar of Fedhas.
   234 | D        | Found a corrupted altar of Lugonu.
   234 | D        | Found a shimmering blue altar of Sif Muna.
   247 | D        | Noticed Menkaure
   259 | D        | Killed from afar by Menkaure

Illustrated notes

Levels and vault maps discovered:
D:        the_violet_keep_of_menkaure [sprint2_stairs_cluster_1,
          sprint2_shoproom, sprint2_temple, sprint2_basic_supplies,
          sprint2_obstacle_4, sprint2_obstacle_2, sprint2_obstacle_5,
          sprint2_obstacle_7, sprint2_obstacle_1, sprint2_timed_cluster_1,
          sprint2_smallroom_cluster_1, sprint2_smallroom_final_cluster_1,
          sprint2_transparent_cluster_1, sprint2_second_timed_cluster_1,
          sprint2_sniper_area_1, sprint2_heavy_combat_area_1,
          sprint2_mutation_trap_area_1, sprint2_forest_area_1,
          sprint2_light_combat_area_1, sprint2_behind_water_1,
          sprint2_near_end_vault_1]

Skill      XL: |  1 |
---------------+----+-----
Fire Magic     | 4 |  4.7
Dodging        | 3 |  3.1
Stealth        | |  2.8
Unarmed Combat | |  0.2
Spellcasting   | |  3.9
Conjurations   | |  1.2

Action                   || total
-------------------------++-------
Melee: Unarmed           ||    12
 Cast: Foxfire           ||    19
  Use: Potion            ||     4
Armor: Robe              ||     1
Dodge: Dodged            ||     8

Table legend: (Time is in decaauts)
 A = Elapsed time spent in this place.
 B = Non-inter-level travel time spent in this place.
 C = Inter-level travel time spent in this place.
 D = Time resting spent in this place.
 E = Time spent auto-exploring this place.
 F = Levels seen in this place.
 G = Mean time per level.
                   A        B        C        D        E       F      G
               +--------+--------+--------+--------+--------+-----+--------+
         Total |    268 |    268 |      0 |    173 |      0 |   1 |  268.0 |
       Dungeon |    268 |    268 |      0 |    173 |      0 |   1 |  268.0 |
               +--------+--------+--------+--------+--------+-----+--------+

Top non-repeatable levels by time:
       D: 268 daAuts
